cohdb
Replays
Latest Replays
All Replays
Popular Replays
Top Player Replays
Match Explorer
How It Works
Community
CoH3 Stats
Reddit
Sign in to upload your games and track your stats! →
Sign in with Steam
Match 40919356
Unlisted
Match 40919356
Overview
Messages
Build Orders
End
250 Light Carrier
Panzergrenadier Squad
Panzergrenadier Squad
Selects Panzerjäger Kommand Battlegroup
Construct Light Support Kompanie
Panzerjäger Squad
Fire Support Elements
2.5-tonne Medical Truck
Selects Mine Fields
Assault Mechanized Group
Panzerjäger Squad
Selects Tank Busters
Veteran Squad Leaders
Combat Half-tracks
MG34 Team
Selects Defensive Positions
Construct Mechanized Kompanie
Vehicle Survival Package
Construct Panzerarmee Kommand
Flakvierling Half-track
ThundersEdge
Landser
*Mule
FeriG
MDiesel
BurningShot
Thib_Soldier
L1mbo
0
0
Comments
sign in to comment!
No comments posted yet!